 Dungeon Crawl Stone Soup version 0.30.1-3-gfc49f6343a (webtiles) character file.

Game seed: 15165493893845324240

4 McKennaii the Conjurer (level 1, 0/14 HPs)
             Began as a Demigod Conjurer on Aug 1, 2023.
             Slain by a kobold
             ... wielding a +0 rapier
              (5 damage)
             ... on level 1 of the Dungeon.
             The game lasted 00:00:13 (142 turns).

McKennaii the Conjurer (Demigod Conjurer)            Turns: 142, Time: 00:00:13

Health: 0/14       AC:  2    Str:  8    XL:     1   Next: 46%
Magic:  0/5        EV: 12    Int: 20    God:
Gold:   0          SH:  0    Dex: 12    Spells: 3/4 levels left

rFire   . . .        (no weapon)
rCold   . . .        (no shield)
rNeg    . . .        a - +0 robe
rPois   .            (no helmet)
rElec   .            (no cloak)
rCorr   .            (no gloves)
SInv    .            (no boots)
Will    .....        (no amulet)
Stlth   ++           (no ring)
HPRegen 0.22/turn    (no ring)
MPRegen 0.09/turn

%: no passive effects
@: no status effects
A: high MP 1, forlorn, divine attributes
a: no special abilities


You were on level 1 of the Dungeon.
You visited 1 branch of the dungeon, and saw 1 of its levels.

Inventory:

Armour
 a - a +0 robe (worn)
Scrolls
 d - a scroll of vulnerability {unknown}
Potions
 b - a potion of magic
 c - a potion of cancellation {unknown}


   Skills:
 - Level 1.7 Dodging
 - Level 1.7 Stealth
 + Level 2.0 Spellcasting
 + Level 3.7 Conjurations


You had 3 spell levels left.
You knew the following spells:

 Your Spells              Type           Power      Damage    Failure   Level
a - Magic Dart            Conj           68%        1d6       3%          1

Your spell library contained the following spells:

 Spells                   Type           Power      Damage    Failure   Level
 Searing Ray              Conj           34%        2d5       4%          2
 Dazzling Flash           Conj/Hex       18%        N/A       22%         3
 Fulminant Prism          Conj/Hex       4%         3d5       58%         4
 Iskenderun's Mystic Bla  Conj/Tloc      9%         2d4       58%         4


Dungeon Overview and Level Annotations

Branches:
Dungeon (1/15)


Innate Abilities, Weirdness & Mutations

You have an increased reservoir of magic. (+10% MP)
You shall have no god before yourself.
Your divine heritage dramatically boosts your attributes as you level up.


Message History

The kobold is moderately wounded.
The kobold barely misses you.
Unknown command.
You barely miss the kobold.
The kobold is moderately wounded.
The kobold barely misses you.
You closely miss the kobold.
The kobold is moderately wounded.
The kobold hits you with a +0 rapier.
You hit the kobold but do no damage.
The kobold is moderately wounded.
The kobold barely misses you.
Casting: Magic Dart (safe; 3% risk of failure)
Confirm with . or Enter, or press ? or * to list all spells.
You don't have enough magic to cast this spell.
Unknown command.
You closely miss the kobold.
The kobold is moderately wounded.
The kobold barely misses you.
You barely miss the kobold.
The kobold is moderately wounded.
The kobold misses you.
You miss the kobold.
The kobold is moderately wounded.
The kobold hits you with a +0 rapier.
* * * LOW HITPOINT WARNING * * *
You hit the kobold but do no damage. The kobold closely misses you.
Casting: Magic Dart (safe; 3% risk of failure)
Confirm with . or Enter, or press ? or * to list all spells.
Aiming: Magic Dart (safe; 3% risk of failure)
Press: ? - help, Shift-Dir - straight line, f/p - kobold
Aim: a kobold, wielding a +0 rapier (100% to hit)
The magic dart hits the kobold.
The kobold is heavily wounded.
The kobold hits you but does no damage.
Unknown command.
The kobold attacks as you move away! The kobold hits you but does no damage.
There is a stone staircase leading down here.
The kobold attacks as you move away! The kobold hits you with a +0 rapier.
You die...

#.##.## #......
#.##.##
############....†.
#.........#####.##
#.#######....##.#
#.# #.##.##.## #.#
#.##.##... #@#
#.##.##... #K#
#.......#.
#.#######.##......
#.##...##.##.#...#
#.........##.##.##
####.....)...##.#
##.#########.# #.#
#+# #.#


You could see a kobold.

Vanquished Creatures
  A ball python (D:1)
  An endoplasm (D:1)
  A quokka (D:1)
  A kobold (D:1)
4 creatures vanquished.

Notes
Turn   | Place    | Note
-------+----------+-------------------------------------------
     0 | D:1      | McKennaii the Demigod Conjurer began the quest for the Orb.
     0 | D:1      | Reached XP level 1. HP: 14/14 MP: 5/5
     8 | D:1      | Noticed an electric eel
   142 | D:1      | Slain by a kobold

Illustrated notes

Levels and vault maps discovered:
D:1:      arrival_aquarium_a, layout_loops_corners,
          ebering_ecumenical_altar_hall

Skill      XL: |  1 |
---------------+----+-----
Spellcasting   | 2 |  2.0
Dodging        | |  1.7
Stealth        | |  1.7
Conjurations   | |  3.7

Action                     || total
---------------------------++-------
  Melee: Unarmed           ||    13
   Cast: Magic Dart        ||    10
 Armour: Robe              ||     2
  Dodge: Dodged            ||    11
